 Dungeon Crawl Stone Soup version 0.17-a0-1105-gbe8b664 (webtiles) character file.

25 Hanyuu the Insei (level 3, 23/23 HPs)
             Began as an Octopode Transmuter on May 21, 2015.
             Quit the game on level 2 of the Dungeon.
             The game lasted 00:01:52 (1189 turns).

Hanyuu the Insei (Octopode Transmuter)              Turns: 1189, Time: 00:01:52

Health: 23/23      AC:  1    Str:  9    XL:     3   Next: 6%
Magic:  6/6        EV: 12    Int: 16    God:
Gold:   130        SH:  0    Dex: 12    Spells: 3 memorised, 0 levels left

rFire  . . .     SeeInvis .       - Unarmed
rCold  . . .     Clarity  .     (no shield)
rNeg   . . .     SustAb   .     (helmet restricted)
rPois  .         Gourm    .     (no amulet)
rElec  .         Spirit   .     (no ring)
rCorr  .         Warding  .     (no ring)
rMut   .         Stasis   .     (no ring)
MR     .....                    (no ring)
Stlth  ++........               (no ring)
                                (no ring)
                                (no ring)
                                (no ring)

@: not resistant to hostile enchantments, unstealthy
A: almost no armour, amphibious, 8 rings, constrict 8, camouflage 1, gelatinous
body 1
a: no special abilities


You were on level 2 of the Dungeon.
You were hungry.

You visited 1 branch of the dungeon, and saw 2 of its levels.

You collected 130 gold pieces.

Inventory:

Missiles
 a - 12 arrows
 d - 5 tomahawks (quivered)
Scrolls
 i - a scroll of identify {unknown}
 j - a scroll of enchant weapon {unknown}
Potions
 e - 2 potions of curing {unknown}
 g - a potion of agility {unknown}
 h - a potion of cancellation {unknown}
 n - a potion of heal wounds {unknown}
Books
 b - a book of Changes

   Spells                             Type                      Level
   a - Beastly Appendage              Transmutation                1
   b - Sticks to Snakes               Transmutation                2
   c - Spider Form                    Transmutation/Poison         3
   d - Ice Form                       Ice/Transmutation            4
   e - Blade Hands                    Transmutation                5
Comestibles
 c - 4 bread rations
 f - a meat ration
 k - a slice of pizza
 l - 2 fruits
 m - a beef jerky


   Skills:
 - Level 1.0 Fighting
 - Level 2.0 Dodging
 + Level 4.1 Unarmed Combat
 - Level 2.0 Spellcasting
 - Level 2.0 Transmutations


You couldn't memorise any spells.
You knew the following spells:

 Your Spells              Type           Power        Failure   Level  Hunger
a - Beastly Appendage     Trmt           #.....       10%         1    #......
b - Sticks to Snakes      Trmt           #.........   14%         2    ###....
c - Spider Form           Trmt/Pois      #.........   38%         3    ###....


Dungeon Overview and Level Annotations

Branches:
Dungeon (2/15)

Altars:


Innate Abilities, Weirdness & Mutations

You cannot wear most types of armour.
You are amphibious.
You can wear up to eight rings at the same time.
You can use your tentacles to constrict eight enemies at once.
Your skin changes colour to match your surroundings (Stealth).
Your rubbery body absorbs attacks (AC +1).


Message History

A giant gecko comes into view.
Found a beef jerky.
Found a silvery potion.
A giant gecko is nearby!
The giant gecko closely misses you.
You closely miss the giant gecko. You grab the giant gecko.
You constrict the giant gecko, but do no damage.
The giant gecko closely misses you.
You barely miss the giant gecko. You squeeze the giant gecko.
You kill the giant gecko!
No target in view!
No target in view!
m - a beef jerky
n - a silvery potion
Found a stone staircase leading up.
You see here a ring mail.
You now have 130 gold pieces (gained 10).
Done exploring.
Done exploring.
Are you sure you want to abandon this character and quit the game? (Confirm with "yes".)

#.....#...........#
#.....#
#####.............#
#.....#
#...####.#+####
#.....##
#...####.#.#
#.....'.
#...##.....#
#.....##
###.#...#########
#.....#
#.............#
#.....#
###...........#
#.....#
#....@......#
#.....#
#...........#
###'###
#...........# #.#
#...........# #.#
########....#####.#
#....'.....####
#....########..
#....########.#
####...........


There were no monsters in sight!

Vanquished Creatures
  A worm (D:1)
  3 bats
  2 giant cockroaches (D:1)
  A goblin (D:2)
  5 hobgoblins
  2 kobolds
  A giant gecko (D:2)
  2 giant newts (D:2)
  5 rats
22 creatures vanquished.

Notes
Turn   | Place    | Note
--------------------------------------------------------------
     0 | D:1      | Hanyuu the Octopode Transmuter began the quest for the Orb.
     0 | D:1      | Reached XP level 1. HP: 13/13 MP: 3/3
   364 | D:1      | Reached XP level 2. HP: 15/18 MP: 5/5
   805 | D:2      | Reached skill level 4 in Unarmed Combat
   847 | D:2      | Reached XP level 3. HP: 15/23 MP: 6/6
   851 | D:2      | Learned a level 2 spell: Sticks to Snakes
   855 | D:2      | Learned a level 3 spell: Spider Form
  1189 | D:2      | Quit the game

Vault maps used:
D:1:      lordsloth_arrival_two_stooges
D:2:      lemuel_upstairs_altar, first_bread, grunt_ministairs_9

Action                   || total
-------------------------++-------
Melee: Unarmed           ||    48
